 Dungeon Crawl Stone Soup version 0.31-a0-187-gba352fbbf7 (webtiles) character file.

Game seed: 12790627821873408849

927 qw the Skirmisher (level 7, 0/40 HPs)
             Began as a Deep Elf Hunter on June 22, 2023.
             Slain by an ogre
             ... wielding a +0 giant spiked club
              (28 damage)
             ... on level 4 of the Dungeon.
             The game lasted 00:01:37 (3597 turns).

qw the Skirmisher (Deep Elf Hunter)                 Turns: 3597, Time: 00:01:37

Health: 0/40       AC:  7    Str: 10    XL:     7   Next: 85%
Magic:  9/9        EV: 13    Int: 14    God:
Gold:   241        SH:  0    Dex: 18    Spells: 6/6 levels left

rFire   . . .        Y - +1 shortbow
rCold   . . .        (shield currently unavailable)
rNeg    . . .        c - +0 leather armour
rPois   .            e - +2 hat
rElec   .            k - +1 cloak
rCorr   .            (no gloves)
SInv    .            (no boots)
Will    .....        (no amulet)
Stlth   ++           (no ring)
HPRegen 0.26/turn    (no ring)
MPRegen 0.11/turn

%: no passive effects
@: no status effects
A: no striking features
a: no special abilities


You were on level 4 of the Dungeon.
You visited 1 branch of the dungeon, and saw 4 of its levels.
You also visited: Sewer.

You collected 241 gold pieces.


   Skills:
 + Level 2.0 Fighting
 - Level 12.1 Ranged Weapons
 - Level 4.0 Dodging
 - Level 1.2 Stealth


You had 6 spell levels left.
You didn't know any spells.
Your spell library was empty.

Inventory:

Hand Weapons
 Y - a +1 shortbow (weapon)
Armour
 c - a +0 leather armour (worn)
 e - a +2 hat (worn)
 g - a +0 pair of boots
 k - a +1 cloak (worn)
 m - a +0 scale mail
Jewellery
 l - a ring of magical power
Scrolls
 a - a scroll of identify
 j - a scroll of revelation {unknown}
Potions
 b - 4 potions of haste
 d - a potion of mutation {unknown}
 f - a potion of degeneration {unknown}
 h - a potion of enlightenment {unknown}
 i - a potion of curing {unknown}

Dungeon Overview and Level Annotations

Branches:
Dungeon (4/15)              Sewer (visited)
 Temple: D:4-7

Altars:
Trog
Vehumet

Annotations:
D:4 1 runed translucent door, qw's ghost, amateur DEHu


Message History

3578 ||| FLEEEEING.
3579 ||| FLEEEEING.
3580 ||| FLEEEEING.
3581 ||| FLEEEEING.
3582 ||| FLEEEEING.
Enter note:
Enter note:
3583 ||| FLEEEEING.
Enter note:
Enter note:
3584 ||| FLEEEEING.
Enter note:
Enter note:
3585 ||| STILL FLEEEEING.
3586 ||| FLEEEEING.
You shoot an arrow.
The arrow hits the ogre but does no damage.
You shoot an arrow. The arrow hits the ogre!
The ogre is moderately wounded.
The ogre hits you with a +0 giant spiked club!
You shoot an arrow. The arrow barely misses the ogre.
You shoot an arrow. The arrow barely misses the ogre.
The ogre hits you with a +0 giant spiked club.
You shoot an arrow. The arrow barely misses the ogre.
The ogre closely misses you.
You shoot an arrow. The arrow hits the ogre.
The ogre is heavily wounded.
You shoot an arrow. The arrow barely misses the ogre.
The ogre completely misses you.
You shoot an arrow. The arrow hits the ogre.
The ogre is heavily wounded.
You shoot an arrow. The arrow hits the ogre.
The ogre is severely wounded.
The ogre misses you.
You shoot an arrow. The arrow hits the ogre.
The ogre is almost dead.
You shoot an arrow. The arrow barely misses the ogre.
The ogre hits you with a +0 giant spiked club!!
Ouch! That really hurt!
You die...

..# ##. #.# #.. #.#
########'# #.#
#...~...##
#########.####
#._.~._.#.
#............######
#...~...#.
(.....####............
+########.
####.)####.#.#.#######
#.##...
#.......))).O@....#
#.##...
...####.....#####.#
#...... ..#. #.....#
#.# ####... .#...
###.### #.# #...
#....# #.# #.# ###.
#.# #.# #. .#. #%# #.
# # #.# #. #.# #.


You could see an ogre.

Vanquished Creatures
  Sigmund (D:4)
  Eustachio (D:3)
  A water moccasin (D:3)
  An ogre (D:4)
  A kobold brigand (Sewer)
  An orc priest (D:4)
  A hound (D:4)
  Jessica (D:2)
  An iguana (D:4)
  3 gnolls (D:2)
  14 adders
  A river rat (Sewer)
  2 worms (D:3)
  2 dart slugs
  4 orcs
  12 ball pythons
  7 endoplasms
  5 giant cockroaches
  5 goblins
  6 hobgoblins
  2 jackals (Sewer)
  12 kobolds
  A quokka (D:1)
  7 bats
  3 frilled lizards
  7 rats
102 creatures vanquished.

Notes
Turn   | Place    | Note
-------+----------+-------------------------------------------
     0 | D:1      | qw the Deep Elf Hunter began the quest for the Orb.
     0 | D:1      | Reached XP level 1. HP: 12/12 MP: 3/3
     0 | D:1      | 0 ||| qw: Version: 0.3-a-9-g12657ce
     0 | D:1      | 0 ||| qw: Game counter: 2571
     0 | D:1      | 0 ||| qw: Always use a shield: true
     0 | D:1      | 0 ||| qw: God list: Okawaru
     0 | D:1      | 0 ||| qw: Allow faded altars: false
     0 | D:1      | 0 ||| qw: Do Orc after D:15 true
     0 | D:1      | 0 ||| qw: Do second Lair branch before Depths: true
     0 | D:1      | 0 ||| qw: Lair rune preference: random
     0 | D:1      | 0 ||| qw: Plans: Normal
     0 | D:1      | 0 ||| PLANNING D:1-11
   142 | D:1      | Reached XP level 2. HP: 16/16 MP: 4/4
   163 | D:1      | Reached skill level 6 in Ranged Weapons
   382 | D:1      | Reached XP level 3. HP: 20/20 MP: 5/5
   806 | D:1      | 806 ||| UPGRADING to +2 hat.
   811 | D:1      | 811 ||| UPGRADING to +0 cloak.
   816 | D:1      | 816 ||| READING scroll labelled WUCZYI MAISCH.
   817 | D:1      | 817 ||| READING scroll labelled JAMUNO BUMMUEF.
   853 | D:1      | 853 ||| READING scroll labelled NUBBAI IWER.
   854 | D:1      | 854 ||| DRINKING 2 pink potions.
   855 | D:1      | 855 ||| DROPPING scroll of butterflies.
  1020 | D:2      | 1020 ||| FLEEEEING.
  1021 | D:2      | 1021 ||| FLEEEEING.
  1022 | D:2      | 1022 ||| FLEEEEING.
  1023 | D:2      | 1023 ||| FLEEEEING.
  1024 | D:2      | 1024 ||| FLEEEEING.
  1025 | D:2      | 1025 ||| FLEEEEING.
  1026 | D:2      | 1026 ||| FLEEEEING.
  1027 | D:2      | 1027 ||| FLEEEEING.
  1028 | D:2      | 1028 ||| FLEEEEING.
  1029 | D:2      | 1029 ||| FLEEEEING.
  1031 | D:2      | 1031 ||| FLEEEEING.
  1032 | D:2      | 1032 ||| FLEEEEING.
  1033 | D:2      | 1033 ||| FLEEEEING.
  1034 | D:2      | 1034 ||| FLEEEEING.
  1035 | D:2      | 1035 ||| FLEEEEING.
  1036 | D:2      | 1036 ||| FLEEEEING.
  1037 | D:2      | 1037 ||| FLEEEEING.
  1038 | D:2      | 1038 ||| FLEEEEING.
  1039 | D:2      | 1039 ||| FLEEEEING.
  1040 | D:2      | 1040 ||| FLEEEEING.
  1048 | D:2      | Reached skill level 7 in Ranged Weapons
  1136 | D:2      | Noticed Jessica
  1141 | D:2      | Killed Jessica
  1142 | D:2      | Reached XP level 4. HP: 25/25 MP: 6/6
  1149 | D:2      | HP: 2/25 [gnoll/+0 club (6)]
  1150 | D:2      | 1150 ||| DRINKING potion of heal wounds.
  1161 | D:2      | Reached skill level 8 in Ranged Weapons
  1163 | D:2      | 1163 ||| FLEEEEING.
  1199 | D:2      | Found a faded altar of an unknown god.
  1415 | D:2      | Reached XP level 5. HP: 29/29 MP: 7/7
  1822 | D:2      | 1822 ||| READING 3 scrolls labelled XUVVESEOTH.
  1823 | D:2      | 1823 ||| READING scroll labelled KALLUC FOMAODO.
  1824 | D:2      | 1824 ||| READING scroll labelled OBLICOAMUD.
  1827 | D:2      | 1827 ||| READING 2 scrolls of identify.
  1827 | D:2      | 1827 ||| IDENTIFYING cyan potion
  1852 | D:3      | 1852 ||| PLANNING SEWER
  1875 | D:3      | Found a glowing drain.
  1893 | D:3      | 1893 ||| Stepping ~*~*~tactically~*~*~ (water).
  1895 | D:3      | 1895 ||| Stepping ~*~*~tactically~*~*~ (water).
  1901 | Sewer    | Entered a sewer
  1963 | Sewer    | 1963 ||| Stepping ~*~*~tactically~*~*~ (water).
  2024 | Sewer    | 2024 ||| Stepping ~*~*~tactically~*~*~ (water).
  2119 | Sewer    | Reached skill level 9 in Ranged Weapons
  2237 | Sewer    | Reached XP level 6. HP: 23/34 MP: 8/8
  2301 | Sewer    | 2301 ||| READING scroll of enchant armour.
  2301 | Sewer    | 2301 ||| ENCHANTING +0 cloak.
  2379 | Sewer    | 2379 ||| Stepping ~*~*~tactically~*~*~ (water).
  2469 | Sewer    | 2469 ||| Stepping ~*~*~tactically~*~*~ (water).
  2650 | Sewer    | 2650 ||| READING scroll labelled FEKHLI KIUPT.
  2651 | Sewer    | 2651 ||| READING scroll labelled LOSTOK RIEWOTZ.
  2652 | Sewer    | 2652 ||| DRINKING 3 red potions.
  2653 | Sewer    | 2653 ||| DRINKING 2 dark potions.
  2654 | Sewer    | 2654 ||| DROPPING 2 potions of magic.
  2655 | Sewer    | 2655 ||| DROPPING potion of brilliance.
  2687 | D:3      | 2687 ||| PLANNING D:1-11
  3017 | D:4      | Noticed Eustachio
  3017 | D:4      | Noticed a water moccasin
  3020 | D:4      | 3020 ||| STAIRDANCE
  3028 | D:3      | HP: 6/35 [water moccasin (3)]
  3029 | D:3      | 3029 ||| DRINKING potion of heal wounds.
  3034 | D:3      | Killed a water moccasin
  3058 | D:4      | 3058 ||| STAIRDANCE
  3091 | D:3      | Killed Eustachio
  3092 | D:3      | Reached skill level 10 in Ranged Weapons
  3092 | D:3      | Reached XP level 7. HP: 14/40 MP: 9/9
  3335 | D:4      | Found a runed translucent door.
  3353 | D:4      | Noticed qw's ghost (amateur DEHu)
  3414 | D:4      | Found a bloodstained altar of Trog.
  3415 | D:4      | Found a radiant altar of Vehumet.
  3451 | D:4      | Reached skill level 11 in Ranged Weapons
  3566 | D:4      | Noticed Sigmund
  3576 | D:4      | Killed Sigmund
  3577 | D:4      | Reached skill level 12 in Ranged Weapons
  3577 | D:4      | 3577 ||| FLEEEEING.
  3578 | D:4      | 3578 ||| FLEEEEING.
  3579 | D:4      | 3579 ||| FLEEEEING.
  3580 | D:4      | 3580 ||| FLEEEEING.
  3581 | D:4      | 3581 ||| FLEEEEING.
  3582 | D:4      | 3582 ||| FLEEEEING.
  3583 | D:4      | 3583 ||| FLEEEEING.
  3584 | D:4      | 3584 ||| FLEEEEING.
  3586 | D:4      | 3586 ||| FLEEEEING.
  3597 | D:4      | Slain by an ogre

Levels and vault maps discovered:
D:1:      dpeg_arrival_arbitrary_a, layout_basic
D:2:      layout_basic, nicolae_ecumenical_snake_handling, serial_curves,
          eino_curves_03, eino_curves_01, chequers_serial_rivers_large_a,
          uniq_jessica
D:3:      layout_rooms, cheibrodos_sewer_entry_drain
D:4:      layout_loops_ring, nicolae_elyvilon_temple_path,
          mainiacjoe_overflow_divided_tiny, ebering_ghost_sewer_d, uniq_sigmund,
          uniq_eustachio

Skill      XL: |  1  2  3  4  5  6  7 |
---------------+----------------------+-----
Ranged Weapons | 6 7 8 9 10 12 | 12.1
Dodging        | 4 |  4.0
Fighting       | 2 |  2.0
Stealth        | |  1.2

Action                     |  1- 3 |  4- 6 |  7- 9 || total
---------------------------+-------+-------+-------++-------
   Fire: Shortbow          |    89 |   229 |    60 ||   378
    Use: Scroll            |     3 |     7 |       ||    10
         Potion            |     1 |     4 |       ||     5
 Armour: Leather armour    |    11 |    85 |       ||    96
  Dodge: Dodged            |    22 |   142 |    10 ||   174

Table legend:
 A = Non-vault XP
 B = Vault XP
 C = Vault XP percentage of total XP
 D = Non-vault monster count
 E = Vault monster count
 F = Vault count percentage of total count
                 A         B        C        D         E       F
            +---------+---------+-------+---------+---------+-------
      Total |     579 |     746 |  56.3 |      70 |      32 |  31.4
            +---------+---------+-------+---------+---------+-------
        D:1 |      49 |       0 |   0.0 |      30 |       0 |   0.0
        D:2 |      92 |      68 |  42.5 |      18 |       6 |  25.0
        D:3 |     175 |     211 |  54.7 |      12 |       4 |  25.0
        D:4 |     263 |     231 |  46.8 |      10 |       1 |   9.1
      Sewer |       0 |     236 | 100.0 |       0 |      21 | 100.0
            +---------+---------+-------+---------+---------+-------
